 Dungeon Crawl Stone Soup version 0.26-a0-660-gc07710193c (webtiles) character file.

Game seed: 10617427079704781791

6512 SineQuat the Basher (level 10, -11/91 HPs)
             Began as a Minotaur Fighter on Oct 7, 2020.
             Was a Follower of Trog.
             Mangled by an enormous slime creature (51 damage)
             ... on level 10 of the Dungeon.
             The game lasted 00:58:40 (8672 turns).

SineQuat the Basher (Minotaur Fighter)              Turns: 8672, Time: 00:58:40

Health: -11/91     AC: 19    Str: 24    XL:     10   Next: 69%
Magic:  3/3        EV:  8    Int:  5    God:    Trog [*.....]
Gold:   315        SH: 12    Dex: 10    Spells: 9/9 levels left

rFire    . . .     SeeInvis .   J - +7 flail (antimagic)
rCold    + . .     Faith    .   c - +0 kite shield
rNeg     . . .     Spirit   .   R - +2 plate armour {rC+}
rPois    .         Reflect  .   (helmet restricted)
rElec    .         Harm     .   (no cloak)
rCorr    .         Rampage  .   (no gloves)
MR       +....                  A - +0 pair of boots
Stlth    ..........             e - amulet of regeneration
HPRegen  0.65/turn              p - ring of protection from magic
MPRegen  0.08/turn              (no ring)

@: lethally poisoned (-11 -> -11)
A: retaliatory headbutt, horns 2, repulsion field 1, yellow scales 1
a: Berserk, Renounce Religion


You were on level 10 of the Dungeon.
You worshipped Trog.
Trog was aware of your devotion.
You visited 2 branches of the dungeon, and saw 12 of its levels.

You collected 705 gold pieces.
You spent 390 gold pieces at shops.

Inventory:

Hand Weapons
 m - a +2 mace of protection
 n - a +5 mace
 J - a +7 antimagic flail (weapon)
Armour
 c - a +0 kite shield (worn)
 A - a +0 pair of boots (worn)
 R - a +2 plate armour of cold resistance (worn)
Jewellery
 e - an amulet of regeneration (around neck)
 j - an uncursed amulet of reflection
 p - a ring of protection from magic (left hand)
Wands
 o - a wand of random effects (21)
 x - a wand of acid (11)
 z - a wand of flame (11)
 D - a wand of digging (9)
 F - a wand of polymorph (10)
 Q - a wand of iceblast (32)
Scrolls
 a - a scroll of identify
 b - 4 scrolls of remove curse
 f - 4 scrolls of teleportation
 k - a scroll of amnesia
 l - a scroll of magic mapping
 q - a scroll of fog
 y - a scroll of immolation
 B - a scroll of fear
 M - 3 scrolls of blinking
Potions
 d - 3 potions of might
 g - 2 potions of heal wounds
 i - a potion of mutation
 s - 2 potions of lignification
 w - a potion of magic
 C - a potion of flight
 E - 2 potions of curing
 G - a potion of stabbing
 K - a potion of brilliance
 L - a potion of invisibility
 N - a potion of berserk rage
 O - 2 potions of ambrosia


   Skills:
 + Level 9.1 Fighting
   Level 3.7 Long Blades
 + Level 11.9 Maces & Flails
 + Level 9.8 Armour
 + Level 9.2 Shields


You had 9 spell levels left.
You didn't know any spells.
Your spell library contained the following spells:

 Spells                   Type           Power        Failure   Level
 Corona                   Hex            #......      100%        1
 Summon Small Mammal      Summ           #...         100%        1
 Call Imp                 Summ           #.......     100%        2
 Ensorcelled Hibernation  Hex/Ice        #.....       100%        2
 Call Canine Familiar     Summ           #.......     100%        3
 Confusing Touch          Hex            #.......     100%        3
 Dazzling Flash           Conj/Hex       #.....       100%        3
 Summon Guardian Golem    Hex/Summ       #.......     100%        3
 Tukima's Dance           Hex            #.......     100%        3
 Summon Ice Beast         Ice/Summ       #.......     100%        4
 Summon Lightning Spire   Summ/Air       #.......     100%        4


Dungeon Overview and Level Annotations

Branches:
Dungeon (11/15)            Temple (1/1) D:7             Orc (0/2) D:9
   Lair: D:8-11

Altars:
Ashenzari
Cheibriados
Dithmenos
Elyvilon
Fedhas
Gozag
Hepliaklqana
Kikubaaqudgha
Makhleb
Nemelex Xobeh
Okawaru
Qazlal
Ru
Sif Muna
Trog
Uskayaw
Vehumet
Wu Jian
Xom
Yredelemnul
Zin
The Shining One

Shops:
D:5 }   D:6 =   D:10 [

Annotations:
D:9 2 transporters


Innate Abilities, Weirdness & Mutations

You reflexively headbutt those who attack you in melee.
You have a pair of horns on your head.
You are surrounded by a mild repulsion field. (EV +2)
You are partially covered in yellow scales. (AC +2)


Message History

You block the large slime creature's attack.
There is a stone staircase leading up here.
A large slime creature splits.
The large slime creature hits you!!
* * * LOW HITPOINT WARNING * * *
You climb upwards.
You feel sick.
There is a stone staircase leading down here.
Two slime creatures merge to form a large slime creature.
You are too injured to fight recklessly!
You hit the large slime creature.
You headbutt the large slime creature, but do no damage.
The large slime creature is severely wounded.
The large slime creature hits you!
* * * LOW HITPOINT WARNING * * *
You feel much better.
You feel sick.
Two slime creatures merge to form an enormous slime creature.
You barely miss the enormous slime creature.
The enormous slime creature is severely wounded.
The enormous slime creature hits you!!!
Ouch! That really hurt!
You die...

#.......# #[# #.......#
#.# #.......###.#####
###.###.........###
#.##............#
#.......#..##.######
#####
#.#................#
....#
#.#.#.#.#..#########
....########.#.#@#.#..#
........=....#.#J#.#..#
................>#.#..##
.......#####...........#
######.#
#.#.#.###..#########
#.## #.#.#.#
#..........# #..#
#.#.#.# ##.#########
######'## #.##### #.#
#.......# #.########.#


You could see an enormous slime creature.

Vanquished Creatures
  2 two-headed ogres
  Grinder (D:4)
  A slime creature (D:10)
  Eustachio (D:4)
  4 yaks (D:10)
  A vampire mosquito (D:9)
  Duvessa (D:4)
  3 orc warriors
  3 sky beasts
  An ice beast (D:5)
  An eye of draining (D:6)
  4 ogres
  A black bear (D:6)
  5 phantoms
  3 centaurs
  A necrophage (D:10)
  4 bullfrogs
  A scorpion (D:5)
  Dowan (D:4)
  4 killer bees (D:9)
  A howler monkey (D:8)
  7 electric eels (D:10)
  A quasit (D:9)
  2 centaur zombies
  4 hounds
  3 orc priests
  Crazy Yiuf (D:2)
  A centaur skeleton (D:9)
  A jelly (D:7)
  5 orc wizards
  Terence (D:2)
  4 iguanas
  7 worker ants
  A hound skeleton (D:6)
  7 gnolls
  9 adders
  A howler monkey skeleton (D:4)
  A shadow imp (D:10)
  6 white imps
  2 ufetubi
  A worm (D:2)
  5 dart slugs
  7 leopard geckos
  29 orcs
  7 bats
  5 giant cockroaches
  11 goblins
  9 hobgoblins
  9 jackals (D:5)
  9 kobolds
  4 quokkas
  A ball python (D:3)
  7 frilled lizards
  2 leopard gecko skeletons
  8 rats
222 creatures vanquished.

Vanquished Creatures (others)
  A fungus (D:2)
1 creature vanquished.

Grand Total: 223 creatures vanquished

Notes
Turn   | Place    | Note
-------+----------+-------------------------------------------
     0 | D:1      | SineQuat the Minotaur Fighter began the quest for the Orb.
     0 | D:1      | Reached XP level 1. HP: 19/19 MP: 0/0
     0 | D:1      | Noticed an elf
     1 | D:1      | Noticed a dwarf
     1 | D:1      | Noticed a vine stalker
     3 | D:1      | Noticed a human
     3 | D:1      | Noticed a draconian
     7 | D:1      | Noticed an ogre
    10 | D:1      | Noticed a minotaur
    14 | D:1      | Noticed a naga
    19 | D:1      | Noticed a gargoyle
    21 | D:1      | Noticed a minotaur
    21 | D:1      | Noticed a spriggan
    21 | D:1      | Noticed a gargoyle
    23 | D:1      | Noticed a felid
   168 | D:1      | Reached XP level 2. HP: 27/27 MP: 1/1
   626 | D:2      | Reached XP level 3. HP: 33/33 MP: 2/2
   694 | D:2      | Reached XP level 4. HP: 35/41 MP: 3/3
   918 | D:2      | Found a runed translucent door.
   919 | D:2      | Noticed Crazy Yiuf
   926 | D:2      | Killed Crazy Yiuf
   926 | D:2      | Reached XP level 5. HP: 32/47 MP: 4/4
  1134 | D:2      | Found an ancient bone altar of Kikubaaqudgha.
  1195 | D:2      | Noticed Terence
  1221 | D:2      | Killed Terence
  1221 | D:2      | Reached skill level 1 in Maces & Flails
  1475 | D:3      | Reached skill level 2 in Maces & Flails
  1560 | D:3      | Found an opulent altar of Gozag.
  1920 | D:3      | Reached skill level 5 in Fighting
  1920 | D:3      | Reached XP level 6. HP: 54/56 MP: 5/5
  1925 | D:3      | Reached skill level 5 in Armour
  2556 | D:4      | Noticed Eustachio
  2590 | D:4      | Killed Eustachio
  2590 | D:4      | Reached skill level 3 in Maces & Flails
  2590 | D:4      | Reached skill level 5 in Shields
  2695 | D:4      | Reached XP level 7. HP: 55/61 MP: 6/6
  2775 | D:4      | Noticed Grinder
  2788 | D:4      | Killed Grinder
  2788 | D:4      | Reached skill level 4 in Maces & Flails
  2868 | D:4      | Noticed Dowan
  2870 | D:4      | Noticed Duvessa
  2875 | D:4      | Killed Dowan
  2884 | D:4      | Killed Duvessa
  3105 | D:4      | Reached skill level 5 in Maces & Flails
  3166 | D:4      | Reached XP level 8. HP: 61/70 MP: 7/7
  3574 | D:5      | Entered Level 5 of the Dungeon
  3601 | D:5      | Reached skill level 6 in Maces & Flails
  3653 | D:5      | Gained mutation: You are surrounded by a mild repulsion
                  | field. (EV +2) [potion of mutation]
  3653 | D:5      | Gained mutation: You are partially covered in yellow
                  | scales. (AC +2) [potion of mutation]
  3723 | D:5      | Reached skill level 7 in Maces & Flails
  4002 | D:5      | Found Xomistea's Gadget Shoppe.
  4726 | D:6      | Got an ancient ring mail
  4727 | D:6      | Identified the +3 ring mail of Vexation {Dex+2} (You found
                  | it on level 6 of the Dungeon)
  4764 | D:6      | Found a hazy altar of Hepliaklqana.
  4766 | D:6      | Found a shimmering altar of Xom.
  4775 | D:6      | Found an iron altar of Okawaru.
  4781 | D:6      | Reached skill level 8 in Maces & Flails
  4781 | D:6      | Reached XP level 9. HP: 76/78 MP: 8/8
  4784 | D:6      | Found a blossoming altar of Fedhas.
  4785 | D:6      | Found a basalt altar of Yredelemnul.
  4877 | D:6      | Found a bloodstained altar of Trog.
  4941 | D:6      | Found Wenkih's Jewellery Emporium.
  5365 | D:7      | Reached skill level 9 in Maces & Flails
  5520 | D:7      | Found a staircase to the Ecumenical Temple.
  5548 | Temple   | Entered the Ecumenical Temple
  5751 | Temple   | Became a worshipper of Trog the Wrathful
  6344 | D:8      | Found a broken altar of Ashenzari.
  6471 | D:8      | Found a shadowy altar of Dithmenos.
  6542 | D:8      | Found a shimmering blue altar of Sif Muna.
  6581 | D:9      | Found a transporter.
  6581 | D:9      | Noticed a centaur warrior
  6585 | D:9      | Noticed a tengu conjurer
  6603 | D:9      | Noticed a two-headed ogre
  6620 | D:9      | Killed a two-headed ogre
  6620 | D:9      | Reached skill level 10 in Maces & Flails
  6642 | D:9      | Reached XP level 10. HP: 34/88 MP: 3/9
  6898 | D:9      | Found a transporter.
  6938 | D:9      | Found a sparkling altar of Nemelex Xobeh.
  7038 | D:9      | Found a staircase to the Orcish Mines.
  7095 | D:9      | Found an ornate altar of the Wu Jian Council.
  7323 | D:10     | Entered Level 10 of the Dungeon
  7391 | D:10     | Reached * piety under Trog
  7755 | D:10     | Reached skill level 11 in Maces & Flails
  7851 | D:10     | Noticed a two-headed ogre
  7863 | D:10     | Killed a two-headed ogre
  7864 | D:10     | Found Aduatank's Armour Shoppe.
  7889 | D:10     | Bought a +0 plate armour of cold resistance for 390 gold
                  | pieces
  8672 | D:10     | Mangled by an enormous slime creature

Illustrated notes

Levels and vault maps discovered:
D:1:      shiori_arrival_whats_in_store_for_you, layout_loops_ring
D:2:      layout_basic, kiku_gazebo_pond_becter, wad_floor_pattern_2,
          kennysheep_generic_room_13, uniq_terence, uniq_crazy_yiuf_cottage
D:3:      layout_basic, nicolae_gozag_cash_rules_everything_around_me
D:4:      layout_cave_pods, minmay_fractal_squares_gapless_5, uniq_grinder,
          uniq_eustachio, uniq_duvessa
D:5:      layout_basic, serial_shops, shop_fountains, chequers_decorated_corner,
          grunt_ministairs_10, minmay_misc_feat_tiny, minivault_26,
          hangedman_abyss_or_decor_jellyfish_corner, item_on_display_a
D:6:      layout_loops_ring, grunt_temple_overflow_open, serial_shops,
          shop_statue, trog_eyes_of_draining
D:7:      layout_basic, temple_fountains
D:8:      layout_basic, kennysheep_little_box, kennysheep_mini,
          evilmike_ruin_ashenzari
D:9:      gammafunk_sealed_arena, layout_loops_ring,
          nemelex_xobeh_ov_fountains_minmay, kennysheep_mini_moat, orc_0_dummy,
          hangedman_decor_growths, minmay_chambers_of_fives
D:10:     layout_basic, serial_shops, shop
D:11:     layout_basic, lair_entry_dummy, nrook_guardian_serpent_ordinary
Temple:   jpeg_temple_alley_garden

Skill      XL: |  1  2  3  4  5  6  7  8  9 10 |
---------------+-------------------------------+-----
Shields        | 4 5 6 7 8 9 |  9.2
Armour         | 4 5 6 7 8 9 |  9.8
Fighting       | 4 5 6 8 9 |  9.1
Long Blades    | 3 |  3.7
Maces & Flails | 2 3 5 8 10 11 | 11.9

Action                   |  1- 3 |  4- 6 |  7- 9 | 10-12 || total
-------------------------+-------+-------+-------+-------++-------
Melee: Long sword        |    62 |    22 |       |       ||    84
       Headbutt          |     7 |    15 |    51 |    38 ||   111
       Mace              |       |   140 |   213 |       ||   353
       Flail             |       |       |    99 |   175 ||   274
Evoke: Wand              |       |       |     1 |       ||     1
  Use: Scroll            |       |       |     6 |    19 ||    25
       Potion            |       |       |     1 |     5 ||     6
Armor: Scale mail        |    29 |    23 |       |       ||    52
       Chain mail        |       |   112 |   120 |    17 ||   249
       Plate armour      |       |       |       |    16 ||    16
Dodge: Dodged            |    14 |    62 |    75 |    27 ||   178
Block: Kite shield       |    39 |   140 |   151 |    73 ||   403
       Rpst.: Long sword |     4 |     1 |       |       ||     5

Table legend: (Time is in decaauts)
 A = Elapsed time spent in this place.
 B = Non-inter-level travel time spent in this place.
 C = Inter-level travel time spent in this place.
 D = Time resting spent in this place.
 E = Time spent auto-exploring this place.
 F = Levels seen in this place.
 G = Mean time per level.
                   A        B        C        D        E       F      G
               +--------+--------+--------+--------+--------+-----+--------+
         Total |   8756 |   8440 |    316 |    680 |   5678 |  12 |  729.7 |
       Dungeon |   8508 |   8192 |    316 |    680 |   5480 |  11 |  773.5 |
        Temple |    247 |    247 |      0 |      0 |    198 |   1 |  247.0 |
               +--------+--------+--------+--------+--------+-----+--------+

Top non-repeatable levels by time:
    D:10: 1303 daAuts
     D:4: 1105 daAuts
     D:3: 1056 daAuts
     D:5: 932 daAuts
     D:2: 871 daAuts
     D:7: 766 daAuts
     D:6: 761 daAuts
     D:9: 736 daAuts
     D:1: 633 daAuts
     D:8: 310 daAuts
  Temple: 247 daAuts
    D:11: 31 daAuts
